 Dungeon Crawl Stone Soup version 0.31-a0-986-g5e6e4ef867 (webtiles) character file.

Game seed: 7106597936466829618

71 Forgeling the Ruffian (level 4, 0/40 HPs)
             Began as a Troll Shapeshifter on Nov 13, 2023.
             Slain by a gnoll
             ... wielding a +0 flail
              (4 damage)
             ... on level 2 of the Dungeon.
             The game lasted 00:01:46 (1054 turns).

Forgeling the Ruffian (Troll Shapeshifter)          Turns: 1054, Time: 00:01:47

Health: 0/40       AC:  4    Str: 24    XL:     4   Next: 5%
Magic:  3/3        EV:  9    Int:  6    God:
Gold:   78         SH:  0    Dex:  9    Spells: 3/3 levels left

rFire   . .          .
                       - Unarmed
rCold   . . .        (no shield)
rNeg    . . .        a - +0 animal skin
rPois   .            (helmet currently unavailable)
rElec   .            (cloak currently unavailable)
rCorr   .            (gloves unavailable)
SInv    .            (boots unavailable)
Will    +....        (no amulet)
Stlth   +            (no ring)
HPRegen 1.06/turn    (no ring)
MPRegen 0.08/turn

%: no passive effects
@: beast-form, enlightened, flying
A: beast (slay +1), large, unfitting armour, claws 3, regeneration 1, shaggy fur
1, tough skin 1
a: Begin Untransformation


You were on level 2 of the Dungeon.
You were a hulking beast.
You visited 1 branch of the dungeon, and saw 2 of its levels.

You collected 78 gold pieces.

Inventory:

Armour
 a - a +0 animal skin (worn)
Talismans
 c - a beast talisman
 d - a flux talisman
Scrolls
 e - a scroll of enchant armour {unknown}
 f - 2 scrolls of revelation {unknown}
 D - a scroll of blinking
Potions
 b - a potion of brilliance {unknown}
 g - a potion of curing {unknown}
 h - a potion of enlightenment
 A - 2 potions of attraction
 W - a potion of lignification


   Skills:
 - Level 0.7 Fighting
 - Level 1.5 Dodging
 + Level 5.0 Unarmed Combat
 - Level 3.0 Shapeshifting


You had 3 spell levels left.
You didn't know any spells.
Your spell library was empty.

Dungeon Overview and Level Annotations

Branches:
Dungeon (2/15)

Altars:
Fedhas


Innate Abilities, Weirdness & Mutations

You are a hulking beast.
Your limbs bulge with bestial killing power. (Slay +1)
You are too large for most types of armour.
You have claws for hands.
Your natural rate of healing is unusually fast.
You are covered in fur. (AC +1)
You have tough skin. (AC +1)


Message History

h - a lumpy coppery potion
h - 2 lumpy coppery potions (gained 1)
You now have 78 gold pieces (gained 10).
A gnoll comes into view. It is wielding a +0 whip.
A gnoll comes into view. It is wielding a +0 club.
The gnoll shouts! x2
A gnoll comes into view. It is wielding a +0 flail.
The gnoll shouts!
You see here a book of Armaments.
A gnoll comes into view. It is wielding a +0 halberd.
The gnoll shouts!
A hobgoblin comes into view.
The gnoll attacks as it pursues you! The gnoll hits you with a +0 whip.
You closely miss the gnoll. The gnoll hits you with a +0 club.
You claw the gnoll!
The gnoll is severely wounded.
The gnoll hits you with a +0 club.
You scratch the gnoll.
You kill the gnoll!
The gnoll hits you with a +0 flail!
Your Unarmed Combat skill increases to level 5!
You have reached level 4!
You closely miss the gnoll. The gnoll hits you with a +0 flail!
* * * LOW HITPOINT WARNING * * *
The gnoll hits you with a +0 flail!
* * * LOW HITPOINT WARNING * * *
The gnoll attacks as it pursues you! The gnoll attacks as it pursues you!
The gnoll hits you with a +0 flail.
* * * LOW HITPOINT WARNING * * *
The gnoll attacks as it pursues you! The gnoll attacks as it pursues you!
The gnoll hits you with a +0 flail.
* * * LOW HITPOINT WARNING * * *
The gnoll attacks as it pursues you! The gnoll hits you with a +0 flail.
* * * LOW HITPOINT WARNING * * *
a +0 dagger; a goblin corpse It was a potion of enlightenment.
You feel very buoyant.
You fly up into the air.
The gnoll hits you with a +0 flail.
You die...

....####...#
......)....#
#.##.###...####
#.##..........#
#.##..........#
#.##..........#
..##..........#
####..........######
............gggh.>#
####.###.#########)#
#.# #.# #)# #.# #.#
#)# #.# .# #######.#
.. ........# ........#
........##############
#######..............#


You could see 3 gnolls.

Vanquished Creatures
  Robin (D:2)
  A gnoll (D:2)
  An adder (D:2)
  3 ball pythons
  3 bats (D:1)
  4 endoplasms
  A giant cockroach (D:1)
  11 goblins
  5 hobgoblins
  3 kobolds (D:1)
  2 frilled lizards (D:1)
  2 rats (D:1)
37 creatures vanquished.

Notes
Turn   | Place    | Note
-------+----------+-------------------------------------------
     0 | D:1      | Forgeling the Troll Shapeshifter began the quest for the
                  | Orb.
     0 | D:1      | Reached XP level 1. HP: 18/18 MP: 0/0
   249 | D:1      | Reached XP level 2. HP: 25/26 MP: 1/1
   611 | D:1      | Reached skill level 4 in Unarmed Combat
   808 | D:2      | Reached XP level 3. HP: 32/32 MP: 2/2
   912 | D:2      | Found a blossoming altar of Fedhas.
   950 | D:2      | Noticed Robin
   972 | D:2      | Killed Robin
  1043 | D:2      | Reached skill level 5 in Unarmed Combat
  1043 | D:2      | Reached XP level 4. HP: 23/40 MP: 3/3
  1048 | D:2      | HP: 2/40 [gnoll/+0 flail (4)]
  1054 | D:2      | Slain by a gnoll

Illustrated notes

Levels and vault maps discovered:
D:1:      lemuel_arrival_broad_hall, layout_loops_corners
D:2:      layout_basic, basic_altar, ebering_ecumenical_altar_webs, uniq_robin

Skill      XL: |  1  2  3 |
---------------+----------+-----
Unarmed Combat | 4 5 |  5.0
Fighting       | |  0.7
Dodging        | |  1.5
Shapeshifting  | |  3.0

Action                     |  1- 3 |  4- 6 || total
---------------------------+-------+-------++-------
  Melee: Unarmed           |    61 |     1 ||    62
         Punch             |     2 |       ||     2
    Use: Scroll            |     2 |       ||     2
         Potion            |       |     1 ||     1
 Armour: Animal skin       |    26 |     7 ||    33
  Dodge: Dodged            |    16 |     4 ||    20

Table legend: (Time is in decaauts)
 A = Elapsed time spent in this place.
 B = Non-inter-level travel time spent in this place.
 C = Inter-level travel time spent in this place.
 D = Time resting spent in this place.
 E = Time spent auto-exploring this place.
 F = Levels seen in this place.
 G = Mean time per level.
                   A        B        C        D        E       F      G
               +--------+--------+--------+--------+--------+-----+--------+
         Total |   1049 |    993 |     56 |      0 |    814 |   2 |  524.5 |
       Dungeon |   1049 |    993 |     56 |      0 |    814 |   2 |  524.5 |
               +--------+--------+--------+--------+--------+-----+--------+

Top non-repeatable levels by time:
     D:1: 799 daAuts
     D:2: 249 daAuts
